[Event "*** SCC Grand Prix: Titled Tuesday Blitz"]
[Site "Chess.com"]
[Date "2020.06.09"]
[Round "10"]
[White "Kapibara_Warri0r"]
[Black "PetrolulSah"]
[Result "1-0"]
[WhiteElo "2129"]
[BlackElo "2221"]
[TimeControl "180+1"]
[EndTime "10:58:53 PDT"]
[Termination "Kapibara_Warri0r won on time"]

1. e4 e5 2. Nf3 Nc6 3. Bb5 a6 4. Ba4 Nf6 5. O-O Be7 6. Re1 b5 7. Bb3 O-O 8. a4 Bb7 9. c3 d6 10. d4 Re8 11. Qd3 Bf8 12. axb5 axb5 13. Rxa8 Qxa8 14.
Ng5 Re7 15. Qxb5 exd4 16. Nxf7 Rxf7 17. Bxf7+ Kxf7 18. Qc4+ d5 19. exd5 Na5 20. Qxd4 Bxd5 21. Bg5 Be7 22. Bxf6 Bxf6 23. Qg4 Kg8 24. Qd7 Bc6 25.
Qe6+ Kh8 26. Nd2 h6 27. Ne4 Bd5 28. Qg4 Bxe4 29. Qxe4 Qxe4 30. Rxe4 Kg8 31. Ra4 Nb3 32. Rc4 Be5 33. Rb4 Nd2 34. Rb5 Bd6 35. g3 Nf3+ 36. Kg2 Ne5 37. Rb8+ Kf7 38. b4 Nc4 39. b5 Nb6 40.
Rb7 Ke6 41. Ra7 Nd5 42. c4 Nb6 43. c5 Bxc5 44. Rxc7 Bd4 45. Rc6+ Kf7 46. Rc7+ Ke6 47. f4 Kd5 48. Rc6 Nc4 49. Rc8 Ne3+ 50. Kf3 Nc4 51. Kg4 g6 52. Rb8 Ne3+ 53. Kf3 Nc4 54. Rg8 g5 55. fxg5 Ne5+ 56. Kg2 hxg5 57. Rxg5 Ke6 58. Rg8 Kf7 59. Rb8 Nc4 60. h4 Nb6 61.
Kh3 Kg6 62. g4 Kf7 63. h5 Kg7 64. g5 Bc5 65. Kg4 Bd4 66. Rb7+ Kf8 67. h6 1-0

[Event "*** SCC Grand Prix: Titled Tuesday Blitz"]
[Site "Chess.com"]
[Date "2020.06.09"]
[Round "10"]
[White "jacky72"]
[Black "nihalsarin"]
[Result "1/2-1/2"]
[WhiteElo "2693"]
[BlackElo "2973"]
[TimeControl "180+1"]
[EndTime "10:58:54 PDT"]
[Termination "Game drawn by repetition"]

1. d4 g6 2. c4 Bg7 3. Nc3 d6 4. e4 Nc6 5. Be3 e5 6. Nge2 exd4 7. Nxd4 Nge7 8. Be2 f5 9. exf5 Nxf5 10. Nxf5 Bxf5 11. O-O O-O 12. c5 Be6 13. cxd6 cxd6 14. Ne4 d5 15. Nc5 Bc8 16. Qb3 b6 17. Nd3 Kh8 18. Rac1 Na5 19. Qa3 Nc4 20. Qb3 Bf5 21. Nf4 Nxe3 22. fxe3 d4 23. Ne6 Bxe6 24. Qxe6 dxe3 25. Rxf8+ Qxf8 26. Qxe3 Bxb2 27. Rf1 Qc5 28. Qxc5 bxc5 29. Rb1 Bd4+ 30. Kh1 Rf8 31. h3 Rf2 32. Bc4 Rc2 33. Bd5 c4 34.
g4 Be3 35. h4 h6 36. Be4 Rxa2 37. Rb7 c3 38. Rc7 Bd4 39. Bxg6 Rh2+ 40. Kxh2 Be5+ 41.
Kg2 Bxc7 42. Kf3 Bd8 43. h5 Kg7 44. Ke3 a5 45. Kd3 Bf6 46. Be8 Be5 47. Bd7 Kf6 48. Be8 Kg5 49. Bd7 Kf4 50. Kc2 Bf6 51. Kd3 Ke5 52.
Kc2 Kd6 53. Be8 Kc5 54. Kb3 Kd4 55. Bg6 Ke3 56. Kc2 a4 57. Be8 a3 58. Bf7 Kf4 59.
Be6 Ke3 60. Bf7 Bg7 61. Bd5 Kf4 62. Be6 Ke5 63. Ba2 Kd4 64. Bg8 Bf6 65. Bf7 Ke5 66. Bg8 Be7 67. Bf7 Bb4 68. Bg8 Kf6 69. Bd5 Kg5 70. Be6 Ba5 71. Kb1 Bd8 72. Kc2 Bf6 73. Kb1 Kf4 74. Kc2 Kf3 75. Kd3 Kf2 76. Kc2 Kf3 77.
Kd3 Bg7 78. Kc2 Ke3 79. Bf7 Kf4 80. Be6 Bh8 81. Kd3 Kf3 82. Kc2 Ke4 83. Ba2 Bg7 84. Bb3 Ke5 85. Bc4 Kf4 86. Be6 1/2-1/2

[Event "*** SCC Grand Prix: Titled Tuesday Blitz"]
[Site "Chess.com"]
[Date "2020.06.09"]
[Round "10"]
[White "MathiasWomacka"]
[Black "ZarinaShafigullina"]
[Result "0-1"]
[WhiteElo "2382"]
[BlackElo "2264"]
[TimeControl "180+1"]
[EndTime "10:58:54 PDT"]
[Termination "ZarinaShafigullina won on time"]

1. e4 c5 2. Nf3 Nc6 3. d4 cxd4 4. Nxd4 Nf6 5. Nc3 e5 6. Ndb5 d6 7. Bg5 a6 8. Na3 b5 9. Nd5 Be7 10. Bxf6 Bxf6 11. c3 Bg5 12. Nc2 O-O 13. a4 bxa4 14. Rxa4 a5 15. Bc4 Rb8 16. b3 Be6 17. Nce3 Bxe3 18.
Nxe3 Bxc4 19. Nxc4 Qd7 20. O-O Rfd8 21. Nxa5 Nxa5 22. Rxa5 Qb7 23. Rd5 Qxb3 24. Rxd6 Rdc8 25. Qh5 Qxc3 26. Rd7 Rf8 27. h4 Rb6 28. Rfd1 Rh6 29.
Qf5 Rf6 30. Qg5 Qc2 31. R1d2 Qxe4 32. Rd8 Qf4 33. Rxf8+ Kxf8 34. Qxf4 Rxf4 35. g3 Ra4 36. Rd7 h5 37. Kg2 g6 38. Rb7 Kg7 39. Kf3 Kf6 40. Rb6+ Kf5 41. Rb7 f6 42. Rb8 Ra3+ 43. Ke2 Kg4 44. Rg8 g5 45. hxg5 fxg5 46. Re8 Ra5 47. Ke3 h4 48. gxh4 gxh4 49. Rg8+ Kh3 50. Ke4 Kh2 51.
f4 exf4 52. Kxf4 h3 53. Kf3 Ra7 54. Kf2 Rf7+ 55. Ke2 Kh1 56. Rg6 Rf5 57. Rg8 Rf4 58. Rg7 Rf8 59. Rg6 h2 60. Rg5 Re8+ 61. Kf2 Re4 0-1

[Event "*** SCC Grand Prix: Titled Tuesday Blitz"]
[Site "Chess.com"]
[Date "2020.06.09"]
[Round "10"]
[White "temus_galaktionov"]
[Black "Pomegranate988"]
[Result "1/2-1/2"]
[WhiteElo "2714"]
[BlackElo "2573"]
[TimeControl "180+1"]
[EndTime "10:58:58 PDT"]
[Termination "Game drawn by repetition"]

1. d4 Nf6 2. Nf3 g6 3. c4 Bg7 4. Nc3 d5 5. cxd5 Nxd5 6. e4 Nxc3 7. bxc3 O-O 8. Be3 c5 9. Qd2 Nc6 10. d5 Na5 11. Bxc5 Bg4 12. Bd4 Bxf3 13. gxf3 Rc8 14.
Rc1 Qc7 15. Bxg7 Kxg7 16. Be2 Nc4 17. Qd4+ f6 18. Bxc4 Qxc4 19. Qxc4 Rxc4 20. Kd2 f5 21. Kd3 Ra4 22. Rc2 fxe4+ 23. fxe4 Rf3+ 24. Ke2 Rh3 25. f3 Kf6 26. Ke3 Ke5 27. Rg1 b5 28. Rg5+ Kd6 29.
Rg3 Rh4 30. f4 a6 31. Rf3 Rg4 32. Rd2 Rc4 33. e5+ Kd7 34. Rd3 g5 35. fxg5 Rce4+ 36. Kf2 Rxe5 37. d6 Rgxg5 38. dxe7+ Kxe7 39. Rd4 Rgf5 40. Rxf5 Rxf5+ 41. Kg3 Rc5 42. Rd3 Ke6 43.
Kf4 Rc4+ 44. Kg5 Ra4 45. Rd2 Ra3 46. Rc2 Ra4 47. h4 Kf7 48. Rd2 Rc4 49. Rd7+ Kg8 50. Rd6 a5 51. Ra6 a4 52. Rb6 Rxc3 53. Rxb5 Ra3 54.
Rb2 Kg7 55. Kh5 Rg3 56. Rb7+ Kg8 57. Rb4 Ra3 58. Rb2 Rg3 59. Kh6 Rg6+ 60. Kh5 Rg3 61.
Rb8+ Kg7 62. Rb7+ Kg8 63. Rb4 Ra3 64. Rg4+ Kf7 65. Rg2 Rh3 66. Kg5 Kg7 67. Rg4 Ra3 68.
Kh5+ Kf7 69. Rg2 Rh3 70. Rg4 Ra3 1/2-1/2

[Event "*** SCC Grand Prix: Titled Tuesday Blitz"]
[Site "Chess.com"]
[Date "2020.06.09"]
[Round "10"]
[White "Sam_ChessMood"]
[Black "tigra"]
[Result "0-1"]
[WhiteElo "2828"]
[BlackElo "2762"]
[TimeControl "180+1"]
[EndTime "10:59:00 PDT"]
[Termination "tigra won by resignation"]

1. e4 c5 2. Nf3 d6 3. d4 cxd4 4. Nxd4 Nf6 5. Nc3 b6 6. a4 a6 7.
g3 e5 8. Nde2 Bb7 9. Bg2 b5 10.
O-O b4 11. Nd5 Nxd5 12. exd5 a5 13. c3 Na6 14. Be3 Be7 15. c4 O-O 16. b3 Qb8 17.
f4 Bf6 18. f5 Qd8 19. h4 Re8 20. Be4 Rc8 21. Nc1 Nb8 22. Nd3 Nd7 23. Kh2 Bxh4 24.
Qh5 Be7 25. Nf2 Nf6 26. Qf3 Rc7 27. Rh1 Qc8 28. Rag1 h6 29. g4 Nh7 30. Nh3 Qd8 31. g5 Nxg5 32. Nxg5 Bxg5 33. Bxg5 hxg5 34. Qh5 f6 35. Kg3 Kf8 36. Qg6 Rf7 37. Rh7 Ke7 38. Rxg7 Rf8 39. Rh1 Qb6 40. Kf3 Rxg7 41. Qxg7+ Rf7 42.
Qg8 Qd4 43. Rh8 g4+ 44. Qxg4 Qc3+ 45. Kg2 Qb2+ 46. Kf3 Qxb3+ 47. Kg2 Qb2+ 48. Kf3 Qc3+ 49. Kg2 Qd2+ 50. Kf3 Qd1+ 51. Kg3 Qxg4+ 52. Kxg4 Rg7+ 53. Kf3 Kd7 54. Rf8 Ba6 55. Rxf6 Bxc4 56. Rg6 Rf7 57.
Kg4 b3 58. Kg5 b2 59. f6 Bxd5 60. Bf5+ Be6 61. Rg7 Rxg7+ 62. fxg7 Bxf5 63. g8=Q b1=Q 64. Qf7+ Kc6 65. Qe8+ Kc5 66. Qc8+ Bxc8 0-1

[Event "*** SCC Grand Prix: Titled Tuesday Blitz"]
[Site "Chess.com"]
[Date "2020.06.09"]
[Round "10"]
[White "korbul"]
[Black "LileKoridze"]
[Result "0-1"]
[WhiteElo "2476"]
[BlackElo "2310"]
[TimeControl "180+1"]
[EndTime "10:59:00 PDT"]
[Termination "LileKoridze won by checkmate"]

1. d4 Nf6 2. c4 e6 3. Nf3 d5 4.
Nc3 Bb4 5. e3 O-O 6. Bd3 c6 7. O-O Bd6 8. e4 dxe4 9. Nxe4 Be7 10. Qe2 Nbd7 11. Ng3 b6 12. Bd2 Bb7 13. Rad1 Qc7 14. Bc3 Rfe8 15. Rfe1 c5 16. dxc5 Nxc5 17. Bc2 Rad8 18. Rxd8 Rxd8 19. Rd1 h6 20. h3 Rxd1+ 21.
Qxd1 Qc6 22. Qf1 Nce4 23. Nxe4 Nxe4 24. Ne5 Qc5 25. Bxe4 Bxe4 26. Qe2 Bf5 27. b3 Qd6 28. Qf3 Bf6 29. Qf4 Qd1+ 30. Kh2 Qc2 31. Qe3 Qxa2 32.
Bd4 Bg5 33. f4 Bh4 34. Nf3 Be7 35. Qe5 Bf8 36. Qe3 Bd6 37. Be5 Bc5 38. Bd4 Bd6 39. Ne5 f6 40. Nf3 Qc2 41. h4 Qd1 42. Kg3 Qc2 43.
h5 Qe4 44. Qxe4 Bxe4 45. Nd2 Bc2 46. Kf3 Bb4 47. Be3 Bxd2 48. Bxd2 Bxb3 49. c5 bxc5 50. Be3 c4 51. Bxa7 c3 52. Bd4 c2 53. Bb2 Kf7 54.
g4 Ke7 55. Ke4 Kd6 56. g5 fxg5 57. fxg5 hxg5 58. Kf3 e5 59. Kg4 e4 60. Bc1 Ke5 61.
Kxg5 Kd4 62. Kg6 e3 63. Kxg7 e2 64. Bd2 c1=Q 65. Bxc1 e1=Q 66. Bb2+ Kd5 67. h6 Qg1+ 68. Kf6 Qf2+ 69. Kg6 Qxb2 70. h7 Qh8 71. Kh6 Bc2 72. Kg5 Qxh7 73. Kf4 Qf5+ 74. Ke3 Qe4+ 75. Kd2 Qd3+ 76.
Kc1 Qd1+ 77. Kb2 Kc4 78. Ka2 Qb1+ 79. Ka3 Qb3# 0-1

[Event "*** SCC Grand Prix: Titled Tuesday Blitz"]
[Site "Chess.com"]
[Date "2020.06.09"]
[Round "10"]
[White "Ariadna_Atreides"]
[Black "Chess2019Player"]
[Result "0-1"]
[WhiteElo "1958"]
[BlackElo "2166"]
[TimeControl "180+1"]
[EndTime "10:59:02 PDT"]
[Termination "Chess2019Player won on time"]

1. d4 Nf6 2. Nf3 c5 3. e3 cxd4 4. exd4 g6 5. c3 Bg7 6. Be2 O-O 7. O-O d6 8. Nbd2 b6 9. Bd3 Bb7 10. Re1 Nc6 11. Ne4 Nxe4 12. Bxe4 Rc8 13. Bg5 Qc7 14.
Bxc6 Bxc6 15. Rxe7 Qb8 16. Qe2 Rce8 17. Re1 Rxe7 18.
Bxe7 Re8 19. Qd1 Qc7 20. Bg5 Rxe1+ 21. Qxe1 h6 22. Bf4 Kh7 23. Qe3 Bd5 24. b3 Qc6 25. Ne1 b5 26. f3 Qa6 27. Qe2 Qa5 28. Qc2 Bxd4+ 29. Kf1 Bxc3 30. Nd3 Bg7 31. Bxd6 Qb6 32. Qc5 Qxc5 33. Bxc5 a6 34. Ke2 g5 35. Nb4 Bb7 36.
Kd3 Kg6 37. Bd4 Bf8 38. Nc2 Bd6 39. h3 Kf5 40. Be3 Be5 41. Nd4+ Kf6 42. Ne2 Ke6 43. Nc3 Bc6 44. Ne4 Bxe4+ 45. Kxe4 f5+ 46. Kd3 Kd5 47.
Bb6 h5 48. Bd8 Bf4 49. g3 Bxg3 50. Bxg5 Be5 51. Bd8 Bd6 52. Bg5 Ke5 53. Bd2 Bc5 54.
f4+ Kd5 55. Bc1 Bd6 56. Bd2 Bc7 57. Be3 Bd8 58. Bd2 Bh4 59. Be3 Bg3 60. Bd2 Kc5 61. Be3+ Kb4 62. Bc1 Bh2 63. Kd4 a5 64. Ke5 Kc3 65.
Kxf5 Kc2 66. Be3 Kb2 67. a4 bxa4 68. bxa4 Kb3 69. Kg5 Kxa4 70. Kxh5 Kb3 0-1

[Event "*** SCC Grand Prix: Titled Tuesday Blitz"]
[Site "Chess.com"]
[Date "2020.06.09"]
[Round "10"]
[White "iaraldinho"]
[Black "profofchess"]
[Result "1/2-1/2"]
[WhiteElo "2610"]
[BlackElo "2448"]
[TimeControl "180+1"]
[EndTime "10:59:03 PDT"]
[Termination "Game drawn by stalemate"]

1. e4 e6 2. d4 d5 3. Nc3 Bb4 4. e5 c5 5. a3 Bxc3+ 6. bxc3 Ne7 7.
Nf3 b6 8. a4 Ba6 9. Bb5+ Bxb5 10. axb5 a5 11. bxa6 Rxa6 12. Rxa6 Nxa6 13. O-O h6 14. c4 O-O 15. cxd5 Qxd5 16. Qe2 c4 17. Ba3 Re8 18. Rb1 b5 19. Bxe7 Rxe7 20. c3 Rb7 21. Nd2 Nc7 22. f3 Ra7 23. Ne4 Ra3 24. Qb2 Rb3 25.
Qa1 b4 26. Rxb3 cxb3 27. cxb4 Nb5 28. Kf2 Qc4 29. Nd2 Qc2 30. Qa8+ Kh7 31. Qe4+ g6 32.
Qxc2 bxc2 33. Nb3 Nxd4 34. Nc1 Nc6 35. b5 Nxe5 36. b6 Nd7 37. b7 Kg7 38. Ke3 Kf6 39. Kd3 Ke5 40. Kxc2 Kd6 41. Nb3 Kc7 42. Na5 Nc5 43.
Kc3 Nxb7 44. Nc4 Nd6 45. Ne5 Kd8 46. Kd4 Ke7 47. g4 h5 48. gxh5 gxh5 49. Ke3 f6 50. Nc6+ Kd7 51. Nb4 e5 52. f4 Ke6 53. Nd3 e4 54.
Nf2 Kf5 55. Kd4 Kxf4 56. Kd5 e3 57. Nd3+ Kf3 58. Kxd6 Kg2 59. h4 Kg3 60. Ke6 Kxh4 61. Kf5 Kg3 62. Ke4 e2 63. Ke3 Kg2 64. Kxe2 h4 65. Nf4+ Kg3 66. Nh5+ Kg4 67. Nxf6+ Kf5 68. Nh5 h3 69. Kf2 Kg4 70. Kg1 Kxh5 71. Kh2 Kg4 72.
Kh1 Kh4 73. Kg1 Kg3 74. Kh1 h2 1/2-1/2

[Event "*** SCC Grand Prix: Titled Tuesday Blitz"]
[Site "Chess.com"]
[Date "2020.06.09"]
[Round "10"]
[White "theblitzchamp"]
[Black "KobyKalavannan"]
[Result "1-0"]
[WhiteElo "2697"]
[BlackElo "2537"]
[TimeControl "180+1"]
[EndTime "10:59:10 PDT"]
[Termination "theblitzchamp won by checkmate"]

1. d4 Nf6 2. Bf4 g6 3. Nc3 d5 4. e3 Bg7 5. h4 Bf5 6. Nf3 c6 7. Ne5 Nbd7 8. Be2 Nxe5 9. Bxe5 h5 10. f3 Qb6 11. Na4 Qa5+ 12. c3 O-O 13. O-O Nd7 14.
Bxg7 Kxg7 15. b4 Qc7 16. Nc5 Nxc5 17. bxc5 Qg3 18. Qe1 Qxe1 19. Raxe1 b5 20. Bd1 Bd3 21. Rf2 a5 22. e4 e6 23. Rd2 Bc4 24. Rb2 Rfb8 25.
exd5 Bxd5 26. Be2 Re8 27. Bd3 Kf6 28. Kf2 e5 29. Rbe2 b4 30. dxe5+ Kg7 31. Rc1 Rab8 32. f4 bxc3 33. Rxc3 Rb4 34. g3 Ra4 35. a3 Rb8 36. Ke3 Rb3 37. Rxb3 Bxb3 38. f5 gxf5 39. Bxf5 Rxa3 40. Kf4 Bd5 41. Rb2 Rf3+ 42. Kg5 Rxg3+ 43. Kf4 Rf3+ 44. Kg5 a4 45. Rb7 a3 46. e6 Rg3+ 47. Kf4 Rf3+ 48. Kg5 Rxf5+ 49. Kxf5 Bxe6+ 50. Kg5 a2 51. Ra7 Bd5 52. Kxh5 Kf6 53. Kg4 Ke5 54. h5 Kd4 55. h6 Be4 56. Rxa2 Kxc5 57. Kf4 Bg6 58. Kg5 Kb4 59. Kf6 c5 60. Rg2 Bd3 61. Kxf7 c4 62. Rg4 Kb5 63. Rg3 Be4 64. Ke6 Bb1 65. Rg1 Bd3 66. Rd1 Be4 67. Ke5 Bc2 68. Rc1 Bh7 69.
Kd4 Bd3 70. Rxc4 Bxc4 71. h7 Bf7 72. h8=Q Bc4 73. Qe5+ Kb4 74. Qc5+ Kb3 75. Qxc4+ Kb2 76. Qc3+ Kb1 77. Qd2 Ka1 78. Kc3 Kb1 79. Qb2# 1-0

[Event "*** SCC Grand Prix: Titled Tuesday Blitz"]
[Site "Chess.com"]
[Date "2020.06.09"]
[Round "10"]
[White "Flawless_Fighter"]
[Black "Love_craft"]
[Result "0-1"]
[WhiteElo "2591"]
[BlackElo "2470"]
[TimeControl "180+1"]
[EndTime "10:59:18 PDT"]
[Termination "Love_craft won by resignation"]

1. e4 g6 2. d4 Bg7 3. Nc3 d6 4. Nf3 Nf6 5. Be2 O-O 6. O-O Nbd7 7. Re1 e5 8. Bf1 c6 9. h3 Qe7 10. a4 a5 11. dxe5 dxe5 12. b3 Rd8 13. Ba3 Qe8 14. Qd3 Nf8 15. Qe3 Nh5 16. Rad1 Rxd1 17. Rxd1 Nf4 18.
Bd6 Bh6 19. Qc5 f6 20. Kh2 Be6 21. Bc7 Nd7 22. Qd6 Bf8 23. Qd2 Bb4 24. g3 Nh5 25. Bd6 Ng7 26. Bxb4 axb4 27. Na2 c5 28. Nc1 Qe7 29. Bb5 Rd8 30. Qd6 Qxd6 31. Rxd6 Kf7 32.
Rd2 Ke7 33. Nd3 b6 34. Kg2 g5 35. Rd1 h5 36. a5 bxa5 37. Ra1 Ra8 38. Bxd7 Bxd7 39.
Nxc5 Bc6 40. h4 Ne6 41. Nxe6 Kxe6 42. Nd2 gxh4 43. gxh4 a4 44. bxa4 Rxa4 45. Rb1 Kd6 46. Rb2 Kc5 47. Kf3 Ra8 48. Ke3 Rg8 49. Nb3+ Kb5 50. Nd2 Rg4 51. f3 Rxh4 52. c3 Rh1 53. Rxb4+ Kc5 54. Rc4+ Kd6 55. Rb4 h4 56. Rb8 Kc7 57.
Rh8 h3 58. Kf2 h2 59. Nf1 Bb5 60. Nxh2 Rc1 61. Rh7+ Kb6 62. Ng4 Rc2+ 63. Kg3 Rxc3 64. Nxf6 Be2 65. Ng4 Rxf3+ 66. Kh4 Rf4 67. Rh6+ Kc5 68.
Rg6 Rxe4 69. Kg3 Rxg4+ 70. Rxg4 Bxg4 71. Kxg4 Kd4 72. Kf3 Kd3 73. Kf2 e4 74. Ke1 Ke3 75. Kd1 Kf2 76. Kd2 e3+ 77. Kd3 e2 0-1

[Event "*** SCC Grand Prix: Titled Tuesday Blitz"]
[Site "Chess.com"]
[Date "2020.06.09"]
[Round "10"]
[White "letsgoband"]
[Black "chargemax23"]
[Result "1/2-1/2"]
[WhiteElo "2469"]
[BlackElo "2702"]
[TimeControl "180+1"]
[EndTime "10:59:22 PDT"]
[Termination "Game drawn by stalemate"]

1. e4 g6 2. d4 Bg7 3. Nc3 d6 4. Be3 a6 5. h4 h5 6. Qd2 b5 7.
a4 b4 8. Nd1 a5 9. f3 Ba6 10.
c3 Bxf1 11. Kxf1 Na6 12. Nh3 Nf6 13. Ng5 O-O 14. Nf2 bxc3 15. bxc3 c5 16. Nd3 cxd4 17. cxd4 Rb8 18. Kf2 Nb4 19. Rab1 Nxd3+ 20. Qxd3 Qd7 21. Rb5 Rxb5 22. axb5 Rb8 23. Rb1 e6 24. Kg1 d5 25. e5 Ne8 26. b6 Qa4 27. Qc3 Bf8 28.
b7 Qd7 29. Qxa5 Rxb7 30. Rxb7 Qxb7 31. Qd8 Qe7 32. Qxe7 Bxe7 33. Kf2 Nc7 34. Ke2 f6 35. exf6 Bxf6 36. Kd3 Bxg5 37. Bxg5 Kf7 38. Bf4 Nb5 39.
Be5 Na3 40. g4 Nc4 41. Bf4 Nb2+ 42. Kc2 Na4 43. Kb3 Nb6 44. Kb4 Nc4 45. Bc1 e5 46.
Kc5 Ke6 47. dxe5 Nxe5 48. gxh5 gxh5 49. Be3 Nxf3 50. Bf2 Ne5 51. Kd4 Nc6+ 52. Kd3 Kf5 53.
Be1 Kg4 54. Ke3 Kf5 55. Bf2 Ne5 56. Kd4 Ke6 57. Bg3 Ng4 58. Be1 Nf6 59. Bg3 Ng8 60. Bf4 Ne7 61. Bg5 Nf5+ 62. Kd3 Ke5 63. Bd8 Kf4 64.
Bg5+ Kg4 65. Bd8 Kf3 66. Bf6 Kg4 67. Bd8 Nxh4 68. Kd4 Nf3+ 69. Kxd5 Ng5 70. Kd4 h4 71.
Bxg5 Kxg5 72. Ke3 Kg4 73. Kf2 Kh3 74. Kg1 Kg3 75. Kh1 h3 76. Kg1 h2+ 77. Kh1 Kh3 1/2-1/2

[Event "*** SCC Grand Prix: Titled Tuesday Blitz"]
[Site "Chess.com"]
[Date "2020.06.09"]
[Round "10"]
[White "mbachez"]
[Black "ChessQueen"]
[Result "0-1"]
[WhiteElo "2534"]
[BlackElo "2673"]
[TimeControl "180+1"]
[EndTime "10:59:23 PDT"]
[Termination "ChessQueen won by resignation"]

1. e4 c6 2. d4 d5 3. e5 c5 4. Nf3 Nc6 5. c4 e6 6. Nc3 cxd4 7. Nxd4 Bc5 8. Nxc6 bxc6 9. Qg4 g6 10. Bd3 Qc7 11. Bf4 Ne7 12. O-O Ba6 13. Rac1 Nf5 14. Na4 Be7 15. Rfd1 dxc4 16. Bxc4 Bxc4 17. Rxc4 O-O 18.
Rdc1 Qa5 19. Qf3 Rad8 20. g3 Rd5 21. b3 Rfd8 22. Kg2 h5 23. Rxc6 Nd4 24. Qc3 Nxc6 25. Qxc6 Rd4 26. Be3 R4d5 27. Bf4 g5 28. Be3 Rxe5 29.
Qf3 g4 30. Qb7 Qd5+ 31. Qxd5 exd5 32. Bxa7 d4 33. Rd1 d3 34. Be3 Bb4 35. Nb2 d2 36. Nc4 Red5 37. a3 Bc3 38. Kf1 Rb8 39. b4 Rbd8 40. Ke2 h4 41. gxh4 f5 42. b5 Rxb5 43.
Bxd2 Bxd2 44. Rxd2 Rxd2+ 45. Kxd2 Rb3 46. Nd6 Rf3 47. Ke2 Kg7 48. a4 Kf6 49. a5 Ra3 50. h5 Rxa5 51. h6 Ra7 52. Ke3 Kg5 53. f4+ gxf3 54. Kxf3 Rh7 55. Kg2 Kf6 56. Kg3 Rxh6 57. Nc4 Kg5 58. Ne5 Ra6 59. Nf3+ Kf6 60. h4 Ra4 61. h5 Rg4+ 62. Kh3 Kg7 63. Nh4 Kf6 64. Nf3 Rg8 65. Kh4 f4 66. Kh3 Rg3+ 67. Kh4 Rxf3 68.
h6 Kg6 69. h7 Kxh7 70. Kg4 Rf1 0-1

[Event "*** SCC Grand Prix: Titled Tuesday Blitz"]
[Site "Chess.com"]
[Date "2020.06.09"]
[Round "10"]
[White "Angel_Hranitel_37"]
[Black "arminmusovic"]
[Result "0-1"]
[WhiteElo "2400"]
[BlackElo "2547"]
[TimeControl "180+1"]
[EndTime "10:59:23 PDT"]
[Termination "arminmusovic won by checkmate"]

1. d4 d5 2. c4 c5 3. Nf3 Nf6 4. g3 cxd4 5. cxd5 Qxd5 6. Qxd4 Nc6 7. Qxd5 Nxd5 8. Bg2 Ndb4 9. Na3 a6 10. O-O e5 11. Nc4 e4 12. Ng5 Bg4 13. Nb6 Rd8 14.
Nxe4 Nc2 15. Bg5 f6 16. Bxf6 gxf6 17. Nxf6+ Kf7 18. Nxg4 Nxa1 19. Rxa1 h5 20. Ne3 Bc5 21. Nbd5 Bxe3 22. fxe3 Kg7 23. e4 Nd4 24. Rd1 Ne6 25. Kf2 Rhe8 26. Bf3 Ng5 27. Ke3 Kh6 28. h4 Ne6 29.
Rc1 Rg8 30. Kf2 Rc8 31. Rc3 Rxc3 32. bxc3 Rg7 33. Nf6 Rc7 34. Nxh5 Rxc3 35. Nf4 Nd4 36. e5 Kg7 37. Bd5 b5 38. e3 Nc2 39. Ng2 Nb4 40.
Bb3 Nd3+ 41. Kf3 Nxe5+ 42. Kf4 Ng6+ 43. Kf3 a5 44. Ke2 a4 45. Bd1 Ne5 46. Kd2 Rd3+ 47. Ke2 Ra3 48. e4 Rxa2+ 49. Kf1 b4 50. Nf4 b3 51.
Ne6+ Kh8 52. Nd4 b2 53. Bc2 Ra1+ 54. Ke2 b1=Q 55. Bxb1 Rxb1 56. Ke3 Rd1 57. Nc2 Rc1 58. Nb4 Rc4 59. Na2 a3 60. Kf4 Rc2 61. Nb4 Nd3+ 62. Nxd3 a2 63. Nb4 Rf2+ 64. Ke3 a1=Q 65. Kxf2 Qb2+ 66.
Kf3 Qxb4 67. e5 Kg7 68. e6 Kf6 69. e7 Kxe7 70. Kg2 Kf6 71. Kh2 Kf5 72. Kh3 Qg4+ 73. Kg2 Ke4 74. Kf2 Qf3+ 75. Ke1 Qxg3+ 76. Ke2 Qxh4 77.
Kd2 Qh3 78. Kc2 Qd3+ 79. Kb2 Kd4 80. Ka2 Qc3 81. Kb1 Qd2 82. Ka1 Kc3 83. Kb1 Qb2# 0-1

[Event "*** SCC Grand Prix: Titled Tuesday Blitz"]
[Site "Chess.com"]
[Date "2020.06.09"]
[Round "10"]
[White "mjray79"]
[Black "crazy_but_lazy"]
[Result "0-1"]
[WhiteElo "2310"]
[BlackElo "2424"]
[TimeControl "180+1"]
[EndTime "10:59:26 PDT"]
[Termination "crazy_but_lazy won on time"]

1. d4 d6 2. c4 g6 3. e4 Bg7 4. Nc3 Nc6 5. Nge2 e5 6. d5 Nd4 7.
Be3 Nxe2 8. Bxe2 h5 9. h4 Bh6 10. Bxh6 Nxh6 11. b4 a5 12. a3 Bd7 13. c5 Qf6 14. Rc1 axb4 15. axb4 Ng4 16. Bxg4 Bxg4 17. Qd2 O-O 18. Nb5 Rfc8 19. Qg5 Qxg5 20. hxg5 Bd7 21. c6 bxc6 22. dxc6 Be6 23. O-O Rab8 24. Na7 Rf8 25. Rb1 Rb6 26. b5 Ra8 27. Ra1 Bc4 28. Rfc1 Bd3 29. f3 Rab8 30. Kf2 Bxb5 31. Nxb5 Rxb5 32.
Ra7 Rc8 33. Rca1 Rb2+ 34. Ke3 Rc2 35. R1a6 Kf8 36. Kd3 Rc5 37. Rb7 Ke7 38. g3 Kd8 39. f4 exf4 40. gxf4 h4 41. Rb2 d5 42. Rh2 dxe4+ 43. Kxe4 Rc4+ 44. Ke3 Ke7 45. Rxh4 Kd6 46. Rh7 Re8+ 47. Kd3 Rxf4 48. Kd2 Rf5 49. Ra4 Rd5+ 50. Kc3 Re7 51. Rc4 Rc5 52. Rxc5 Kxc5 53. Rh4 Kxc6 54.
Rc4+ Kd6 55. Rd4+ Ke5 56. Rd1 Kf5 57. Rg1 Kf4 58. Kc4 Kf3 59. Kd4 Rd7+ 60. Kc5 Kf2 61. Rg4 Re7 62. Kc6 Kf3 63. Rg1 Kf4 64. Rg2 Re5 65. Kxc7 Rxg5 66. Rf2+ Kg3 67. Rxf7 Rf5 68. Rg7 g5 69. Kd6 g4 70. Ke6 Rf8 71. Ke5 Kf3 72. Kd4 g3 73. Kd3 Kg2 0-1

[Event "*** SCC Grand Prix: Titled Tuesday Blitz"]
[Site "Chess.com"]
[Date "2020.06.09"]
[Round "10"]
[White "blitzking1729"]
[Black "Gerodot71"]
[Result "1-0"]
[WhiteElo "2556"]
[BlackElo "2395"]
[TimeControl "180+1"]
[EndTime "10:59:27 PDT"]
[Termination "blitzking1729 won by checkmate"]

1. c4 e5 2. Nc3 Nf6 3. Nf3 Nc6 4. d3 d5 5. cxd5 Nxd5 6. e4 Nxc3 7. bxc3 Bc5 8. Be2 O-O 9. O-O Bb6 10. a4 f5 11.
Qb3+ Kh8 12. Ng5 Qe8 13. Ba3 Rf6 14. Kh1 h6 15. Nf3 Be6 16. Qc2 fxe4 17. dxe4 Bg4 18.
Nh4 Qh5 19. Bxg4 Qxh4 20. Bf5 g6 21. Bh3 Rxf2 22. Rxf2 Qxf2 23. Qxf2 Bxf2 24. Rf1 Bb6 25. Be6 Rd8 26. Bd5 Rd7 27. h3 h5 28. g4 hxg4 29. hxg4 Kg7 30. Kg2 Kh6 31. Kg3 Kg7 32. Bf8+ Kh8 33.
Rf6 Ne7 34. Bxe7 Rxe7 35. Bxb7 Kg7 36. g5 Rd7 37. Bd5 Re7 38. Kg4 Rd7 39. Re6 Ba5 40.
Rxe5 Bxc3 41. Re8 Bd4 42. Kf4 Bc5 43. Rg8+ Kh7 44. Ra8 Bd4 45. Bc6 Re7 46. Bd5 Rd7 47.
Kg4 Kg7 48. a5 Re7 49. a6 Bb6 50. Rg8+ Kh7 51. Ra8 Rd7 52. Kf4 Re7 53. e5 Bd4 54.
e6 Kg7 55. Ke4 Bb6 56. Ke5 Bf2 57. Bc6 Bb6 58. Bd7 Bc5 59. Kd5 Bb6 60. Kc6 Bf2 61.
Rc8 Bb6 62. Ra8 Be3 63. Kxc7 Bxg5 64. Rxa7 Bf4+ 65. Kc6 Be3 66. Ra8 g5 67. a7 g4 68.
Rg8+ Kxg8 69. a8=Q+ Kg7 70. Qa3 Bg5 71. Qc3+ Bf6 72.
Qg3 Kf8 73. Qxg4 Rg7 74. Qf5 Ke7 75. Qc5+ Kd8 76. Qf8# 1-0

[Event "*** SCC Grand Prix: Titled Tuesday Blitz"]
[Site "Chess.com"]
[Date "2020.06.09"]
[Round "10"]
[White "ajian"]
[Black "tylityli"]
[Result "1/2-1/2"]
[WhiteElo "2420"]
[BlackElo "2264"]
[TimeControl "180+1"]
[EndTime "10:59:28 PDT"]
[Termination "Game drawn by repetition"]

1. d4 Nf6 2. c4 e6 3. Nc3 Bb4 4. Qc2 d5 5. cxd5 Qxd5 6. e3 O-O 7. Nf3 c5 8. Bd2 Bxc3 9. Bxc3 cxd4 10. Bxd4 Nc6 11.
Bxf6 gxf6 12. Bc4 Qa5+ 13. Ke2 Ne5 14. Nxe5 Qxe5 15. f4 Qh5+ 16. Kf2 b5 17. Be2 Qg6 18. Bd3 Qh5 19. h3 Bb7 20. Be2 Qh4+ 21. g3 Qh6 22. Rhg1 Qxh3 23. Bf3 Bxf3 24. Kxf3 Qh5+ 25. Kf2 Rac8 26.
Qe4 Rc4 27. Qd3 Rfc8 28. Rad1 Qg6 29. Qxg6+ hxg6 30. Rd7 R4c7 31. Rgd1 f5 32. Kf3 Kf8 33. R7d2 Ke7 34. b3 a5 35. Rd4 b4 36. R1d2 Kf6 37.
R4d3 Rc2 38. Rd6 Rxd2 39. Rxd2 Rc1 40. Kf2 Rc3 41. Ke2 g5 42. Kf3 Rc1 43. Kf2 g4 44.
Kg2 Rc3 45. Kf2 Rc6 46. Ke2 e5 47. Kf2 Ke6 48. Ke2 f6 49. Kf2 Rd6 50. Rc2 Kd5 51.
Rd2+ Kc6 52. Rc2+ Kb6 53. Ke2 Re6 54. Rd2 exf4 55. gxf4 Kc5 56. Rc2+ Kb5 57. Rd2 Rc6 58. Rd5+ Rc5 59. Rd2 Rc3 60. Rd5+ Rc5 61. Rd2 a4 62. Kf2 axb3 63. axb3 Rc3 64. Rd5+ Rc5 65. Rd2 Kc6 66. Kg3 Rd5 67. Rc2+ Kd6 68. Kf2 Rd3 69. Ra2 Rxb3 70. Ra6+ Kd5 71. Ra5+ Ke4 72. Ra6 Rb2+ 73.
Kg3 Kxe3 74. Rxf6 b3 75. Rxf5 Ke4 76. Rb5 Rb1 77. Rb4+ Ke3 78. Kxg4 b2 79. f5 Rg1+ 80. Kh5 b1=Q 81. Rxb1 Rxb1 82. f6 Rf1 83. Kg6 Ke4 84.
f7 Ke5 85. Kg7 Rg1+ 86. Kh7 Rh1+ 87. Kg7 Rg1+ 88. Kh7 Rf1 89. Kg7 Rg1+ 1/2-1/2